 Dungeon Crawl Stone Soup version 0.31-a0-246-g8cbcc1cb85 (webtiles) character file.

Game seed: 16910151330041653695

95 qw the Shooter (level 4, -4/26 HPs)
             Began as a Gargoyle Hexslinger on July 12, 2023.
             Slain by a gnoll
             ... wielding a +0 spear
              (6 damage)
             ... on level 3 of the Dungeon.
             The game lasted 00:00:34 (1291 turns).

qw the Shooter (Gargoyle Hexslinger)                Turns: 1291, Time: 00:00:34

Health: -4/26      AC:  8    Str: 12    XL:     4   Next: 66%
Magic:  5/5        EV: 11    Int: 13    God:
Gold:   47         SH:  0    Dex: 14    Spells: 4/5 levels left

rFire   . . .        f - +1 sling (heavy)
rCold   . . .        (no shield)
rNeg    + + .        e - +0 leather armour
rPois   inf          (no helmet)
rElec   +            (no cloak)
rCorr   .            h - +0 pair of gloves
SInv    .            g - +0 pair of boots
Will    .....        (no amulet)
Stlth   +            b - ring of positive energy
HPRegen 0.24/turn    (no ring)
MPRegen 0.09/turn

%: no passive effects
@: mighty
A: sickness immunity, AC +3, negative energy resistance 1, electricity
resistance, torment resistance 1, petrification resistance
a: no special abilities


You were on level 3 of the Dungeon.
You visited 1 branch of the dungeon, and saw 3 of its levels.

You collected 47 gold pieces.


Innate Abilities, Weirdness & Mutations

You are immune to sickness and miasma.
Your stone body is resilient. (AC +3)
You are immune to poison.
You resist negative energy. (rN+)
You are resistant to electric shocks. (rElec)
You are resistant to unholy torment.
You are immune to petrification.


   Skills:
 - Level 2.3 Fighting
 + Level 4.3 Ranged Weapons
 - Level 1.5 Dodging
 - Level 1.0 Spellcasting
 - Level 2.6 Hexes


You had 4 spell levels left.
You knew the following spells:

 Your Spells              Type           Power      Damage    Failure   Level
a - Slow                  Hex            28%        N/A       12%         1

Your spell library contained the following spells:

 Spells                   Type           Power      Damage    Failure   Level
 Inner Flame              Hex/Fire       4%         N/A       52%         3
 Portal Projectile        Hex/Tloc       8%         N/A       52%         3
 Cause Fear               Hex            3%         N/A       75%         4

Inventory:

Hand Weapons
 f - a +1 heavy sling (weapon)
Armour
 e - a +0 leather armour (worn)
 g - a +0 pair of boots (worn)
 h - a +0 pair of gloves (worn)
Jewellery
 b - a ring of positive energy (left hand)
Potions
 a - a potion of heal wounds {unknown}
 d - a potion of might
 k - a potion of lignification {unknown}

Dungeon Overview and Level Annotations

Branches:
Dungeon (3/15)

Altars:


Message History

The gnoll hits you from afar with a +0 spear.
The gnoll barely misses you.
You shoot a sling bullet.
The sling bullet hits the hobgoblin but does no damage.
The gnoll barely misses you.
The gnoll hits you from afar with a +0 spear.
The hobgoblin closely misses you.
The gnoll hits you from afar with a +0 spear.
The gnoll hits you but does no damage.
The hobgoblin hits you but does no damage.
You shoot a sling bullet. The sling bullet hits the hobgoblin!
You kill the hobgoblin!
The gnoll barely misses you.
The gnoll hits you from afar with a +0 spear.
The gnoll closely misses you. The gnoll hits you but does no damage.
You shoot a sling bullet.
The sling bullet closely misses the gnoll.
The gnoll barely misses you.
The gnoll hits you from afar with a +0 spear.
You shoot a sling bullet.
The sling bullet hits the gnoll but does no damage.
The gnoll is lightly wounded.
The gnoll barely misses you. x3
The gnoll hits you from afar with a +0 spear.
You shoot a sling bullet. The sling bullet hits the gnoll!
You kill the gnoll!
The gnoll hits you but does no damage. The gnoll completely misses you.
You shoot a sling bullet. The sling bullet hits the gnoll!
You kill the gnoll!
The gnoll hits you from afar with a +0 spear.
The gnoll closely misses you.
You shoot a sling bullet. The sling bullet hits the gnoll.
The gnoll is lightly wounded.
The gnoll hits you but does no damage.
The gnoll hits you from afar with a +0 spear.
You shoot a sling bullet.
The sling bullet barely misses the gnoll.
The gnoll barely misses you.
The gnoll hits you from afar with a +0 spear.
You die...

######
....# .
#...#
...^###@#
.....g)<#
.....)###
......
.....
.....
.... ....


You could see a gnoll.

Vanquished Creatures
  4 adders
  2 gnolls (D:3)
  2 ball pythons
  5 endoplasms
  2 giant cockroaches
  6 hobgoblins
  5 jackals
  4 bats
  2 frilled lizards
  2 kobolds
  5 rats
39 creatures vanquished.

Notes
Turn   | Place    | Note
-------+----------+-------------------------------------------
     0 | D:1      | qw the Gargoyle Hexslinger began the quest for the Orb.
     0 | D:1      | Reached XP level 1. HP: 12/12 MP: 2/2
     0 | D:1      | 0 ||| qw: Version: 0.3-a-52-g30416fa
     0 | D:1      | 0 ||| qw: Game counter: 6518
     0 | D:1      | 0 ||| qw: Melee chars always use a shield: true
     0 | D:1      | 0 ||| qw: God list: Okawaru
     0 | D:1      | 0 ||| qw: Allow faded altars: false
     0 | D:1      | 0 ||| qw: Do Orc after clearing Dungeon:15 true
     0 | D:1      | 0 ||| qw: Do second Lair branch before Depths: true
     0 | D:1      | 0 ||| qw: Lair rune preference: random
     0 | D:1      | 0 ||| qw: Goals: Normal
     0 | D:1      | 0 ||| PLANNING D:1-11
    63 | D:1      | Found a faded altar of an unknown god.
   185 | D:1      | Reached XP level 2. HP: 16/16 MP: 3/3
   385 | D:1      | Reached skill level 3 in Ranged Weapons
   709 | D:1      | 709 ||| UPGRADING to +0 pair of gloves.
   714 | D:1      | 714 ||| DROPPING +6 ring of intelligence.
   715 | D:1      | 715 ||| READING scroll labelled WYSAPTE BOHAUD.
   716 | D:1      | 716 ||| READING scroll labelled JOMOFI CUDENK.
   717 | D:1      | 717 ||| READING scroll labelled LYPEMAIMEINI.
   718 | D:1      | 718 ||| READING scroll labelled QACWOADERPH.
   719 | D:1      | 719 ||| DROPPING scroll of poison.
   911 | D:2      | HP: 4/17 [adder (4)]
   913 | D:2      | Reached XP level 3. HP: 6/21 MP: 4/4
  1185 | D:2      | Reached XP level 4. HP: 22/26 MP: 5/5
  1219 | D:2      | 1219 ||| UPGRADING to +0 leather armour.
  1229 | D:2      | 1229 ||| DROPPING +0 robe.
  1230 | D:2      | 1230 ||| UPGRADING to +0 pair of boots.
  1235 | D:2      | 1235 ||| DROPPING ring of flight.
  1236 | D:2      | 1236 ||| READING scroll labelled INU SOEWKEIC.
  1237 | D:2      | 1237 ||| READING scroll labelled SOCU GIMEEMYTI.
  1238 | D:2      | 1238 ||| READING scroll labelled KURGHY EHEPURR.
  1238 | D:2      | Identified a scroll of acquirement
  1238 | D:2      | 1238 ||| ACQUIRING ring of positive energy
  1238 | D:2      | Acquired a ring of positive energy
  1240 | D:2      | 1240 ||| UPGRADING to ring of positive energy.
  1241 | D:2      | 1241 ||| DRINKING 2 viscous purple potions.
  1282 | D:3      | Reached skill level 4 in Ranged Weapons
  1287 | D:3      | HP: 6/26 [gnoll/+0 spear (3)]
  1290 | D:3      | HP: 2/26 [gnoll/+0 spear (3)]
  1291 | D:3      | Slain by a gnoll

Levels and vault maps discovered:
D:1:      sevenhm_arrival_forest_fort_small_6, layout_basic,
          shapermc_ecumenical_altar_notcrosses, serial_rivers,
          chequers_serial_rivers_micro_c, chequers_serial_rivers_room_a,
          chequers_serial_rivers_micro_d, chequers_serial_rivers_room_a,
          chequers_serial_rivers_large_a, chequers_serial_rivers_micro_e
D:2:      layout_basic
D:3:      layout_rooms, serial_shops, nicolae_shop_drivethru

Skill      XL: |  1  2  3  4 |
---------------+-------------+-----
Ranged Weapons | 3 4 |  4.3
Fighting       | 2 |  2.3
Dodging        | |  1.5
Spellcasting   | |  1.0
Hexes          | |  2.6

Action                     |  1- 3 |  4- 6 || total
---------------------------+-------+-------++-------
   Fire: Sling             |    94 |    28 ||   122
    Use: Scroll            |     4 |     3 ||     7
         Potion            |       |     1 ||     1
 Armour: Robe              |    20 |     5 ||    25
         Leather armour    |       |    18 ||    18
  Dodge: Dodged            |    37 |    28 ||    65

Table legend:
 A = Non-vault XP
 B = Vault XP
 C = Vault XP percentage of total XP
 D = Non-vault monster count
 E = Vault monster count
 F = Vault count percentage of total count
                 A         B        C        D         E       F
            +---------+---------+-------+---------+---------+-------
      Total |     137 |       0 |   0.0 |      39 |       0 |   0.0
            +---------+---------+-------+---------+---------+-------
        D:1 |      23 |       0 |   0.0 |      14 |       0 |   0.0
        D:2 |      65 |       0 |   0.0 |      18 |       0 |   0.0
        D:3 |      49 |       0 |   0.0 |       7 |       0 |   0.0
            +---------+---------+-------+---------+---------+-------
